TOP OF THE 1ST |
Brooklyn Cyclones batting - Pitching for Williamsport Crosscutters : RHP Si-dao Xia
|
Pitching: RHP Si-dao Xia
|
|
Batting: LHB Elmo Dreier
|
0-0: Ball 1-0: Ball 2-0: SINGLE (Groundball, 6M, EV 108.8 MPH)
|
Batting: SHB Callum Lynch
|
0-0: Fielders Choice at 2nd, 4-6 (Groundball, 4M, EV 83.8 MPH)
|
Batting: RHB Jake Geib
|
0-0: Called Strike 0-1: Ball 1-1: Ball Wild Pitch! Callum Lynch to second 2-1: Ground out 3-1 (Groundball, 34S, EV 79.4 MPH) Callum Lynch to third
|
Batting: LHB Miguel Ramos
|
0-0: Called Strike 0-1: Called Strike 0-2: Foul Ball, location: 2F 0-2: Ball 1-2: Ground out 4-3 (Groundball, 4, EV 105.0 MPH)
|
Top of the 1st over - 0 runs, 1 hit, 0 errors, 1 left on base; Brooklyn 0 - Williamsport 0 |
BOTTOM OF THE 1ST |
Williamsport Crosscutters batting - Pitching for Brooklyn Cyclones : LHP Brad Guffin
|
Pitching: LHP Brad Guffin
|
|
Batting: RHB Jason Ostrom
|
0-0: Ball 1-0: Called Strike 1-1: Called Strike 1-2: Strikes out swinging
|
Batting: RHB Shintaro Katsumata
|
0-0: SINGLE (Line Drive, 9LS, EV 96.9 MPH)
|
Batting: RHB Xavier Castellanos
|
0-0: Swinging Strike 0-1: Foul Ball, location: 2F 0-2: Grounds into double play, 4-6-3 (Groundball, 4, EV 90.6 MPH)
|
Bottom of the 1st over - 0 runs, 1 hit, 0 errors, 0 left on base; Brooklyn 0 - Williamsport 0 |
TOP OF THE 2ND |
Brooklyn Cyclones batting - Pitching for Williamsport Crosscutters : RHP Si-dao Xia
|
Batting: RHB Ryan Marler
|
0-0: Ball 1-0: Swinging Strike 1-1: Foul Ball, location: 2F 1-2: TRIPLE (Flyball, 8RXD, EV 100.0 MPH)
|
Batting: RHB Victor Reyes
|
0-0: Fly out, F8 (Line Drive, 8LXD, EV 87.5 MPH) Runner from 3rd tags up, SCORES, no throw by CF
|
Batting: RHB Tom Primmer
|
0-0: Ball 1-0: Called Strike 1-1: Ball 2-1: Fly out, F8 (Line Drive, 78D, EV 93.8 MPH)
|
Batting: RHB Trent Hood
|
0-0: Called Strike 0-1: Foul Ball, location: 2F 0-2: Ball 1-2: Strikes out swinging
|
Top of the 2nd over - 1 run, 1 hit, 0 errors, 0 left on base; Brooklyn 1 - Williamsport 0 |
BOTTOM OF THE 2ND |
Williamsport Crosscutters batting - Pitching for Brooklyn Cyclones : LHP Brad Guffin
|
Batting: RHB John Manocchio
|
0-0: Ground out 6-3 (Groundball, 6M, EV 96.9 MPH)
|
Batting: RHB John Parra
|
0-0: Foul Ball, location: 2F 0-1: Ground out 4-3 (Groundball, 4, EV 82.5 MPH)
|
Batting: RHB Nick Cottrell
|
0-0: Swinging Strike 0-1: Foul Ball, location: 2F 0-2: Foul Ball, location: 2F 0-2: Foul Ball, location: 2F 0-2: Ball 1-2: Fly out, F5 (Popup, 5SF, EV 73.1 MPH)
|
Bottom of the 2nd over - 0 runs, 0 hits, 0 errors, 0 left on base; Brooklyn 1 - Williamsport 0 |
TOP OF THE 3RD |
Brooklyn Cyclones batting - Pitching for Williamsport Crosscutters : RHP Si-dao Xia
|
Batting: RHB Roberto Delgado
|
0-0: Foul Ball, location: 2F 0-1: Ball 1-1: Swinging Strike 1-2: Ball 2-2: Ball 3-2: Base on Balls
|
Batting: LHB Elmo Dreier
|
0-0: Called Strike 0-1: Foul Ball, location: 2F 0-2: Fly out, F7 (Flyball, 7D, EV 95.6 MPH)
|
Batting: SHB Callum Lynch
|
0-0: Ball 1-0: Foul Ball, location: 2F 1-1: Hit by Pitch Roberto Delgado to second
|
Batting: RHB Jake Geib
|
0-0: Called Strike 0-1: Foul Ball, location: 2F 0-2: Ball 1-2: Ball 2-2: Fielders Choice at 2nd, 3-6 (Groundball, 3, EV 85.0 MPH) Roberto Delgado to third
|
Batting: LHB Miguel Ramos
|
0-0: DOUBLE (Flyball, 8LXD, EV 99.4 MPH) Roberto Delgado scores Jake Geib to third
|
Batting: RHB Ryan Marler
|
0-0: Ball 1-0: Ball 2-0: Swinging Strike 2-1: TRIPLE (Flyball, 8LXD, EV 107.5 MPH) Jake Geib scores Miguel Ramos scores
|
Batting: RHB Victor Reyes
|
0-0: Called Strike 0-1: Ball 1-1: Called Strike 1-2: Ball 2-2: Fly out, F9 (Flyball, 89D, EV 100.0 MPH)
|
Top of the 3rd over - 3 runs, 2 hits, 0 errors, 1 left on base; Brooklyn 4 - Williamsport 0 |
BOTTOM OF THE 3RD |
Williamsport Crosscutters batting - Pitching for Brooklyn Cyclones : LHP Brad Guffin
|
Batting: SHB Art Kent
|
0-0: Called Strike 0-1: Swinging Strike 0-2: SINGLE (Groundball, 4MS, EV 70.0 MPH) (infield hit)
|
Batting: RHB Salvador Avina
|
0-0: Ball Art Kent steals 2nd base 1-0: Ball 2-0: Foul Ball, location: 2F 2-1: Foul Ball, location: 2F 2-2: Ball 3-2: Strikes out swinging
|
Batting: RHB Bill Williams
|
0-0: Ball 1-0: Foul Ball, location: 2F 1-1: Ball 2-1: Ground out 4-3 (Groundball, 4S, EV 85.0 MPH) Art Kent to third
|
Batting: RHB Jason Ostrom
|
0-0: Swinging Strike 0-1: Ball 1-1: Foul Ball, location: 2F 1-2: Hit by Pitch
|
Pinch Runner at 1st Jose Nunez:
|
|
Batting: RHB Shintaro Katsumata
|
0-0: Ball 1-0: Foul Ball, location: 2F 1-1: Ball 2-1: Ball 3-1: Foul Ball, location: 2F 3-2: Base on Balls Jose Nunez to second
|
Batting: RHB Xavier Castellanos
|
0-0: Ball 1-0: Foul Ball, location: 2F 1-1: Ball 2-1: Called Strike 2-2: Foul Ball, location: 2F 2-2: SINGLE (Groundball, 6MD, EV 104.4 MPH) Art Kent scores Jose Nunez to third Shintaro Katsumata to second Runner from 3rd tries for Home, SAFE, throw by CF to home
|
Batting: RHB John Manocchio
|
0-0: Ball 1-0: Foul Ball, location: 2F 1-1: SINGLE (Flyball, 89M, EV 85.0 MPH) Shintaro Katsumata to third Xavier Castellanos to second Runner from 3rd tries for Home, SAFE, throw by CF to home
|
Now in CF: Jayden Copeland
|
|
Batting: RHB John Parra
|
0-0: Called Strike 0-1: Ball 1-1: Foul Ball, location: 2F 1-2: Ball 2-2: Ball 3-2: Base on Balls Xavier Castellanos to third John Manocchio to second
|
Batting: RHB Nick Cottrell
|
0-0: Called Strike 0-1: Swinging Strike 0-2: Ball 1-2: Ground out U3 (Groundball, 34, EV 106.9 MPH)
|
Bottom of the 3rd over - 3 runs, 3 hits, 0 errors, 3 left on base; Brooklyn 4 - Williamsport 3 |
TOP OF THE 4TH |
Brooklyn Cyclones batting - Pitching for Williamsport Crosscutters : RHP Si-dao Xia
|
Now in LF: Jose Nunez
|
|
Now in CF: Xavier Castellanos
|
|
Batting: RHB Tom Primmer
|
0-0: Ball 1-0: Called Strike 1-1: Ground out 5-3 (Groundball, 56, EV 102.5 MPH)
|
Batting: RHB Trent Hood
|
0-0: Foul Ball, location: 2F 0-1: Ground out U3 (Groundball, 3L, EV 92.5 MPH)
|
Batting: RHB Roberto Delgado
|
0-0: Ball 1-0: Ball 2-0: Ground out 5-3 (Groundball, 56, EV 96.9 MPH)
|
Top of the 4th over - 0 runs, 0 hits, 0 errors, 0 left on base; Brooklyn 4 - Williamsport 3 |
BOTTOM OF THE 4TH |
Williamsport Crosscutters batting - Pitching for Brooklyn Cyclones : LHP Brad Guffin
|
Batting: SHB Art Kent
|
0-0: Ball 1-0: Ball 2-0: Ball 3-0: Called Strike 3-1: Swinging Strike 3-2: Base on Balls
|
Batting: RHB Salvador Avina
|
0-0: Ball 1-0: Grounds into double play, 6-4-3 (Groundball, 6, EV 86.9 MPH)
|
Batting: RHB Bill Williams
|
0-0: Foul Ball, location: 2F 0-1: Swinging Strike 0-2: Ball 1-2: Foul Ball, location: 2F 1-2: Ball 2-2: Ball 3-2: Base on Balls
|
Pitching: RHP Felipe Hinojosa
|
|
Batting: RHB Jose Nunez
|
0-0: Ball 1-0: Ground out 6-3 (Groundball, 6S, EV 81.2 MPH)
|
Bottom of the 4th over - 0 runs, 0 hits, 0 errors, 1 left on base; Brooklyn 4 - Williamsport 3 |
TOP OF THE 5TH |
Brooklyn Cyclones batting - Pitching for Williamsport Crosscutters : RHP Si-dao Xia
|
Batting: LHB Elmo Dreier
|
0-0: SINGLE (Groundball, 34S, EV 73.8 MPH) (infield hit)
|
Batting: SHB Callum Lynch
|
0-0: Called Strike 0-1: Called Strike 0-2: SINGLE (Groundball, 34D, EV 92.5 MPH) (infield hit) Elmo Dreier to second
|
Batting: RHB Jayden Copeland
|
0-0: DOUBLE (Flyball, 89XD, EV 92.5 MPH) Elmo Dreier scores Callum Lynch to third
|
Pitching: LHP Justin Thornton
|
|
Batting: LHB Miguel Ramos
|
0-0: Called Strike 0-1: Foul Ball, location: 2F 0-2: Ball 1-2: Ball 2-2: Foul Ball, location: 2F 2-2: DOUBLE (Flyball, 8LXD, EV 105.6 MPH) Callum Lynch scores Jayden Copeland scores
|
Batting: RHB Ryan Marler
|
0-0: Ball 1-0: Ball 2-0: Foul Ball, location: 2F 2-1: Ball 3-1: Base on Balls
|
Batting: RHB Victor Reyes
|
0-0: Called Strike 0-1: Ball 1-1: SINGLE (Line Drive, 9S, EV 93.8 MPH) Miguel Ramos to third Ryan Marler to second Runner from 3rd tries for Home, SAFE, throw by RF to home
|
Batting: RHB Tom Primmer
|
0-0: Ball 1-0: Fly out, F9 (Flyball, 9D, EV 88.1 MPH) Runner from 2nd tags up, SAFE at 3rd with throw by RF
|
Batting: RHB Trent Hood
|
0-0: Foul Ball, location: 2F 0-1: Ball 1-1: Foul Ball, location: 2F 1-2: Strikes out looking
|
Batting: RHB Roberto Delgado
|
0-0: Ball 1-0: Foul Ball, location: 2F 1-1: SINGLE (Line Drive, 7S, EV 88.8 MPH) Ryan Marler scores Victor Reyes to second
|
Batting: LHB Elmo Dreier
|
0-0: Swinging Strike 0-1: Swinging Strike 0-2: Ball 1-2: Fly out, F6 (Popup, 56, EV 73.8 MPH)
|
Top of the 5th over - 5 runs, 6 hits, 0 errors, 2 left on base; Brooklyn 9 - Williamsport 3 |
BOTTOM OF THE 5TH |
Williamsport Crosscutters batting - Pitching for Brooklyn Cyclones : RHP Felipe Hinojosa
|
Batting: RHB Shintaro Katsumata
|
0-0: Called Strike 0-1: Foul Ball, location: 2F 0-2: Foul Ball, location: 2F 0-2: Ball 1-2: Strikes out swinging
|
Batting: RHB Xavier Castellanos
|
0-0: Called Strike 0-1: Foul Ball, location: 2F 0-2: Foul Ball, location: 2F 0-2: Ball 1-2: Foul Ball, location: 2F 1-2: Foul Ball, location: 2F 1-2: Strikes out looking
|
Batting: RHB John Manocchio
|
0-0: Foul Ball, location: 2F 0-1: Foul Ball, location: 2F 0-2: Ball 1-2: Ball 2-2: Ground out 6-3 (Groundball, 6M, EV 79.4 MPH)
|
Bottom of the 5th over - 0 runs, 0 hits, 0 errors, 0 left on base; Brooklyn 9 - Williamsport 3 |
TOP OF THE 6TH |
Brooklyn Cyclones batting - Pitching for Williamsport Crosscutters : LHP Justin Thornton
|
Batting: SHB Callum Lynch
|
0-0: Ball 1-0: Foul Ball, location: 2F 1-1: Foul Ball, location: 2F 1-2: Foul Ball, location: 2F 1-2: Ball 2-2: Ball 3-2: Strikes out looking
|
Batting: RHB Jayden Copeland
|
0-0: Ball 1-0: Swinging Strike 1-1: Swinging Strike 1-2: Strikes out swinging
|
Batting: LHB Miguel Ramos
|
0-0: Foul Ball, location: 2F 0-1: Ball 1-1: Ground out 4-3 (Groundball, 4, EV 90.6 MPH)
|
Top of the 6th over - 0 runs, 0 hits, 0 errors, 0 left on base; Brooklyn 9 - Williamsport 3 |
BOTTOM OF THE 6TH |
Williamsport Crosscutters batting - Pitching for Brooklyn Cyclones : RHP Felipe Hinojosa
|
Batting: RHB John Parra
|
0-0: Foul Ball, location: 2F 0-1: Ball 1-1: Ball 2-1: Foul Ball, location: 2F 2-2: Ball 3-2: Foul Ball, location: 2F 3-2: Base on Balls
|
Batting: RHB Nick Cottrell
|
0-0: Ball 1-0: Called Strike John Parra steals 2nd base 1-1: Ball 2-1: Ball 3-1: Foul Ball, location: 2F 3-2: Strikes out swinging
|
Batting: SHB Art Kent
|
0-0: Called Strike 0-1: Foul Ball, location: 2F 0-2: Ball 1-2: Foul Ball, location: 2F 1-2: Ball 2-2: Fly out, F8 (Flyball, 8LXD, EV 98.1 MPH) Runner from 2nd tags up, SAFE at 3rd, no throw by CF
|
Batting: RHB Salvador Avina
|
0-0: SINGLE (Groundball, 56D, EV 95.6 MPH) John Parra scores
|
Batting: RHB Bill Williams
|
0-0: Ball 1-0: Ball 2-0: Ball 3-0: Called Strike 3-1: Reached on error, E4 (Groundball, 34, EV 107.5 MPH) Salvador Avina to third
|
Batting: RHB Jose Nunez
|
0-0: Foul Ball, location: 2F 0-1: Ball 1-1: Called Strike 1-2: Ball 2-2: Ball 3-2: Base on Balls
|
Batting: RHB Shintaro Katsumata
|
0-0: Ball 1-0: Swinging Strike 1-1: Ball 2-1: Ground out 1-3 (Groundball, 13S, EV 70.0 MPH)
|
Bottom of the 6th over - 1 run, 1 hit, 1 error, 3 left on base; Brooklyn 9 - Williamsport 4 |
TOP OF THE 7TH |
Brooklyn Cyclones batting - Pitching for Williamsport Crosscutters : LHP Justin Thornton
|
Batting: RHB Ryan Marler
|
0-0: Called Strike 0-1: Ball 1-1: Ball 2-1: Foul Ball, location: 2F 2-2: Fly out, F9 (Line Drive, 89M, EV 92.5 MPH)
|
Pitching: LHP Juan Ramirez
|
|
Batting: RHB Victor Reyes
|
0-0: Foul Ball, location: 2F 0-1: Called Strike 0-2: Strikes out swinging
|
Batting: RHB Tom Primmer
|
0-0: Ball 1-0: Ball 2-0: Swinging Strike 2-1: Foul Ball, location: 2F 2-2: Foul Ball, location: 2F 2-2: Foul Ball, location: 2F 2-2: Ball 3-2: Base on Balls
|
Batting: RHB Trent Hood
|
0-0: Ball 1-0: SINGLE (Groundball, 6MD, EV 97.5 MPH) Tom Primmer to second
|
Batting: RHB Roberto Delgado
|
0-0: Fielders Choice at 2nd, 6-4 (Groundball, 6, EV 101.2 MPH)
|
Top of the 7th over - 0 runs, 1 hit, 0 errors, 2 left on base; Brooklyn 9 - Williamsport 4 |
BOTTOM OF THE 7TH |
Williamsport Crosscutters batting - Pitching for Brooklyn Cyclones : RHP Felipe Hinojosa
|
Batting: RHB Xavier Castellanos
|
0-0: Ball 1-0: SINGLE (Groundball, 34D, EV 95.6 MPH)
|
Pitching: RHP Brett Cooke
|
|
Batting: RHB John Manocchio
|
0-0: Ball 1-0: Ball 2-0: Fly out, F8 (Flyball, 8RM, EV 95.6 MPH)
|
Batting: RHB John Parra
|
0-0: Ball 1-0: Ball 2-0: Ball 3-0: Called Strike 3-1: Swinging Strike 3-2: Base on Balls Xavier Castellanos to second
|
Batting: RHB Nick Cottrell
|
0-0: Foul Ball, location: 2F 0-1: Ball 1-1: Fielders Choice at 2nd, 1-6 (Groundball, 13S, EV 71.2 MPH) Xavier Castellanos to third
|
Batting: SHB Art Kent
|
0-0: Ball 1-0: DOUBLE (Line Drive, 7LS, EV 89.4 MPH) Xavier Castellanos scores Nick Cottrell to third
|
Batting: RHB Salvador Avina
|
0-0: Ball 1-0: Called Strike 1-1: Called Strike 1-2: Strikes out looking
|
Bottom of the 7th over - 1 run, 2 hits, 0 errors, 2 left on base; Brooklyn 9 - Williamsport 5 |
TOP OF THE 8TH |
Brooklyn Cyclones batting - Pitching for Williamsport Crosscutters : LHP Juan Ramirez
|
Batting: LHB Elmo Dreier
|
0-0: Ball 1-0: SINGLE (Groundball, P, EV 80.0 MPH) (infield hit)
|
Batting: SHB Callum Lynch
|
0-0: Bunted foul 0-1: Bunted foul 0-2: Fly out, F8 (Flyball, 89M, EV 88.1 MPH)
|
Batting: RHB Jayden Copeland
|
0-0: Called Strike 0-1: Swinging Strike 0-2: Strikes out swinging
|
Batting: LHB Miguel Ramos
|
0-0: Swinging Strike 0-1: Ball 1-1: Ball 2-1: Ball 3-1: Foul Ball, location: 2F 3-2: Foul Ball, location: 2F 3-2: Base on Balls Elmo Dreier to second
|
Pitching: RHP David Deon
|
|
Batting: RHB Ryan Marler
|
0-0: Fly out, F7 (Line Drive, 7, EV 99.4 MPH)
|
Top of the 8th over - 0 runs, 1 hit, 0 errors, 2 left on base; Brooklyn 9 - Williamsport 5 |
BOTTOM OF THE 8TH |
Williamsport Crosscutters batting - Pitching for Brooklyn Cyclones : RHP Brett Cooke
|
Batting: RHB Bill Williams
|
0-0: Ball 1-0: Swinging Strike 1-1: Ball 2-1: Ball 3-1: Called Strike 3-2: Base on Balls
|
Batting: RHB Jose Nunez
|
0-0: Called Strike 0-1: Ball 1-1: Ball 2-1: Ball 3-1: Base on Balls Bill Williams to second
|
Batting: RHB Shintaro Katsumata
|
0-0: Ball 1-0: Called Strike 1-1: DOUBLE (Line Drive, 5D, EV 105.6 MPH) Bill Williams scores Jose Nunez to third Runner from 3rd tries for Home, SAFE, no throw by LF
|
Batting: RHB Xavier Castellanos
|
0-0: Called Strike 0-1: Ball 1-1: Called Strike 1-2: Ball 2-2: Foul Ball, location: 2F 2-2: Ball 3-2: Base on Balls
|
Pitching: RHP Leo Burgos
|
|
Now at 1B: Salvador Gomez
|
|
Now in CF: Callum Lynch
|
|
Now in RF: Ryan Brown
|
|
Batting: RHB John Manocchio
|
0-0: Ball 1-0: DOUBLE (Line Drive, 7LS, EV 86.9 MPH) Shintaro Katsumata scores Xavier Castellanos to third
|
Batting: RHB John Parra
|
0-0: Swinging Strike 0-1: Swinging Strike 0-2: Foul Ball, location: 2F 0-2: Foul Ball, location: 2F 0-2: Ball 1-2: Strikes out swinging
|
Pinch Hitting: LHB Noel Young
|
0-0: Called Strike 0-1: Foul Ball, location: 2F 0-2: Strikes out swinging
|
Batting: SHB Art Kent
|
0-0: Ball 1-0: Swinging Strike 1-1: SINGLE (Line Drive, 78S, EV 106.2 MPH) Xavier Castellanos scores John Manocchio to third
|
Pinch Hitting: LHB Jorge Zermeno
|
0-0: Called Strike 0-1: 3-RUN HOME RUN (Flyball, 7D, EV 96.2 MPH), Distance : 384 ft
|
Pitching: RHP Gwidon Kaminski
|
|
Batting: RHB Bill Williams
|
0-0: Called Strike 0-1: Ball 1-1: Swinging Strike 1-2: Ball 2-2: Strikes out swinging
|
Bottom of the 8th over - 7 runs, 4 hits, 0 errors, 0 left on base; Brooklyn 9 - Williamsport 12 |
TOP OF THE 9TH |
Brooklyn Cyclones batting - Pitching for Williamsport Crosscutters : RHP David Deon
|
Pitching: RHP Lance Brisson
|
|
Now at 3B: Jorge Zermeno
|
|
Now at SS: Leon Edwards
|
|
Batting: RHB Victor Reyes
|
0-0: Ball 1-0: Swinging Strike 1-1: Ball 2-1: Foul Ball, location: 2F 2-2: Ball 3-2: Foul Ball, location: 2F 3-2: Strikes out looking
|
Batting: RHB Tom Primmer
|
0-0: Ball 1-0: Foul Ball, location: 2F 1-1: Ball 2-1: Fly out, F8 (Flyball, 8RD, EV 100.0 MPH)
|
Batting: RHB Trent Hood
|
0-0: Ball 1-0: Hit by Pitch
|
Batting: RHB Roberto Delgado
|
0-0: Ball 1-0: Called Strike 1-1: Called Strike 1-2: Foul Ball, location: 2F 1-2: Ball 2-2: Strikes out looking
|
Top of the 9th over - 0 runs, 0 hits, 0 errors, 1 left on base; Brooklyn 9 - Williamsport 12 |
|